 Dungeon Crawl Stone Soup version 0.20.1-1-g8b1a95d (webtiles) character file.

20 froobite the Slasher (level 2, -15/25 HPs)
             Began as a Minotaur Gladiator on July 28, 2017.
             Killed from afar by a kobold (34 damage)
             ... with an exploding inner flame
             ... hexed by the player character
             ... on level 2 of the Dungeon.
             The game lasted 00:06:39 (961 turns).

froobite the Slasher (Minotaur Gladiator)            Turns: 961, Time: 00:06:48

Health: -15/25     AC:  8    Str: 18    XL:     2   Next: 58%
Magic:  1/1        EV:  8    Int:  5    God:
Gold:   94         SH:  0    Dex: 11    Spells: 1/1 levels left

rFire    . . .     SeeInvis .   a - +0 long sword
rCold    . . .     Gourm    .   (no shield)
rNeg     . . .     Faith    .   q - +0 chain mail
rPois    .         Spirit   .   c - +0 hat
rElec    .         Reflect  .   (no cloak)
rCorr    .         Harm     .   (no gloves)
MR       .....                  (no boots)
Stlth    ..........             (no amulet)
Regen    0.1/turn               (no ring)
MPRegen  0.1/turn               (no ring)

@: no status effects
A: retaliatory headbutt, horns 2
a: no special abilities


You were on level 2 of the Dungeon.
You were not hungry.

You visited 1 branch of the dungeon, and saw 2 of its levels.

You collected 94 gold pieces.

Inventory:

Hand Weapons
 a - a +0 long sword (weapon)
 p - a cursed -3 mace
Missiles
 d - 3 throwing nets (quivered)
Armour
 b - a +0 leather armour
 c - a +0 hat (worn)
 k - a +0 scale mail
 q - a +0 chain mail (worn)
Scrolls
 l - 2 scrolls of fear
 n - a scroll of remove curse
Potions
 e - 2 potions of heal wounds
 h - a potion of haste
 m - a potion of lignification
Comestibles
 f - 2 bread rations
 i - a meat ration
 j - a royal jelly
 o - 3 fruits


   Skills:
 + Level 2.7 Fighting
 + Level 4.1 Long Blades
 + Level 2.2 Throwing
 + Level 0.2 Armour
 + Level 3.6 Dodging


You had one spell level left.
You didn't know any spells.

Dungeon Overview and Level Annotations

Branches:
Dungeon (2/15)

Altars:


Innate Abilities, Weirdness & Mutations

You reflexively headbutt those who attack you in melee.
You have a pair of horns on your head.


Message History

You see here a stone.
The kobold completely misses you. The kobold barely misses you.
There is an open gate here.
Things that are here:
3 stones; a kobold corpse
As you read the scroll of immolation, it crumbles to dust.
The creatures around you are filled with an inner flame!
The kobold hits you but does no damage. x2; The kobold hits you.
You barely miss the kobold. The kobold hits you with a short sword.
The kobold hits you with a club. The kobold hits you but does no damage.
You barely miss the kobold. The kobold barely misses you. x2
The kobold hits you but does no damage. The kobold barely misses you.
You furiously retaliate!
You headbutt the kobold. You hit the kobold.
The kobold explodes!
The fiery explosion engulfs the kobold.
The kobold explodes!
The fiery explosion engulfs you!
Ouch! That really hurt!
You die...

# #.#
##........†....# #
# #.#
####..†.####.(# .#
..# ##.#.#...#..#
.# ###
#..>.##..#..####.#
##.### #.#........
#### ##. .
#.........# #....
#.#.# #.#####.###
#....§##.#.# #.
#.# #....§§@§#.# #
#.#
.....§K§...###.#
#.#
.......§§......#
#.#
......##.#.###.#
#.( ...$.# #...#
### ##### #.###
########.#
#.....<..#
##.#######


You could see a kobold (inner flame).

Vanquished Creatures
  A leopard gecko (D:2)
  A giant cockroach (D:2)
  2 goblins
  3 hobgoblins (D:1)
  5 kobolds
  3 bats
  A frilled lizard (D:2)
  2 rats
18 creatures vanquished.

Vanquished Creatures (others)
  8 toadstools (D:2)
8 creatures vanquished.

Grand Total: 26 creatures vanquished

Notes
Turn   | Place    | Note
-------+----------+-------------------------------------------
     0 | D:1      | froobite the Minotaur Gladiator began the quest for the Orb.
     0 | D:1      | Reached XP level 1. HP: 18/18 MP: 0/0
   214 | D:1      | Reached XP level 2. HP: 25/25 MP: 1/1
   828 | D:2      | Reached skill level 4 in Long Blades
   961 | D:2      | Killed from afar by a kobold

Skill      XL: |  1  2 |
---------------+-------+-----
Long Blades    | 4 |  4.1
Fighting       | |  2.7
Throwing       | |  2.2
Armour         | |  0.2
Dodging        | |  3.6

Action                   || total
-------------------------++-------
Melee: Long sword        ||    27
       Headbutt          ||     4
  Use: Scroll            ||     7
  Eat: Fruit             ||     1
Armor: Leather armour    ||     4
       Chain mail        ||     3
       Scale mail        ||     1
Dodge: Dodged            ||    29
       Rpst.: Long sword ||     8
